 Dungeon Crawl Stone Soup version 0.31.0-11-ge490571c62 (webtiles) character file.

Game seed: 1242289653523779958

46 qw the Shooter (level 3, -3/20 HPs)
             Began as a Deep Elf Hunter on Feb 4, 2024.
             Slain by Sigmund
             ... wielding a +0 scythe
              (8 damage)
             ... on level 2 of the Dungeon.
             The game lasted 00:00:02 (832 turns).

qw the Shooter (Deep Elf Hunter)                     Turns: 832, Time: 00:00:03

Health: -3/20      AC:  6    Str: 10    XL:     3   Next: 46%
Magic:  5/5        EV: 11    Int: 13    God:
Gold:   47         SH:  0    Dex: 18    Spells: 2/2 levels left

rFire   . . .        a - +0 shortbow
rCold   . . .        (shield currently unavailable)
rNeg    . . .        d - +1 ring mail
rPois   .            (no helmet)
rElec   .            (no cloak)
rCorr   .            (no gloves)
SInv    .            (no boots)
Will    .....        (no amulet)
Stlth   +            (no ring)
HPRegen 0.23/turn    (no ring)
MPRegen 0.09/turn

%: no passive effects
@: no status effects
A: no striking features
a: no special abilities


You were on level 2 of the Dungeon.
You visited 1 branch of the dungeon, and saw 2 of its levels.

You collected 47 gold pieces.


   Skills:
 - Level 1.5 Fighting
 + Level 7.0 Ranged Weapons
 - Level 2.4 Dodging
 - Level 1.2 Stealth


You had 2 spell levels left.
You didn't know any spells.
Your spell library was empty.

Inventory:

Hand Weapons
 a - a +0 shortbow (weapon)
Armour
 d - a +1 ring mail (worn)
Scrolls
 b - a scroll of identify
 c - a scroll of vulnerability {unknown}

Dungeon Overview and Level Annotations

Branches:
Dungeon (2/15)

Altars:

Shops:
D:1 [(

Annotations:
D:2 Sigmund


Message History

There is a stone staircase leading up here.
Waypoint 1 assigned to D:2.
b - a scroll of identify
c - a scroll labelled AKHLOIKIKHLU You now have 47 gold pieces (gained 2).
Found a stone staircase leading down.
A giant cockroach comes into view.
You shoot an arrow.
The arrow hits the giant cockroach but does no damage.
You shoot an arrow. The arrow hits the giant cockroach!
You kill the giant cockroach!
There is a stone staircase leading down here.
Sigmund the Dreaded comes into view.
He is wielding a +0 scythe.
You shoot an arrow.
The arrow hits Sigmund but does no damage.
Sigmund shouts!
Sigmund points at you and mumbles some strange words.
The magic dart hits you.
821 ||| FLEEEEING.
822 ||| FLEEEEING.
You start resting.
Sigmund is nearby!
You shoot an arrow. The arrow hits Sigmund.
Sigmund is moderately wounded.
Sigmund gestures at you while chanting. The magic dart hits you!
You shoot an arrow. The arrow hits Sigmund.
Sigmund is moderately wounded.
Sigmund barely misses you.
You shoot an arrow.
The arrow hits Sigmund but does no damage.
Sigmund is moderately wounded.
Sigmund closely misses you.
You shoot an arrow. The arrow closely misses Sigmund.
Sigmund hits you from afar with a +0 scythe.
You shoot an arrow. The arrow hits Sigmund!
Sigmund is severely wounded.
Sigmund hits you from afar with a +0 scythe!
You die...
Sigmund begins carving another notch in his scythe.

###### #....# #.##.#
#.##.####### #..#.......#
##.#######.# #.#### #.#
#....# #.#############
######.# #....@.>.......
#....#.##########@#...###
#..............##.# #.#
#..#..########.##.# #
#......### #.#.##.#
##.......# #...##.#
#.....#.# #.####.#
#..##.#.###.# #@#
#<....#.....# #..


You could see Sigmund.

Vanquished Creatures
  A dart slug (D:1)
  5 ball pythons (D:1)
  5 bats (D:1)
  5 endoplasms (D:1)
  3 giant cockroaches
  2 goblins (D:1)
  4 hobgoblins (D:1)
  2 jackals (D:1)
  A kobold (D:1)
  4 quokkas (D:1)
  3 rats (D:1)
35 creatures vanquished.

Notes
Turn   | Place    | Note
-------+----------+-------------------------------------------
     0 | D:1      | qw the Deep Elf Hunter began the quest for the Orb.
     0 | D:1      | Reached XP level 1. HP: 12/12 MP: 3/3
     0 | D:1      | 0 ||| qw: Version: 0.3-a-160-g6735b56
     0 | D:1      | 0 ||| qw: Game counter: 5061
     0 | D:1      | 0 ||| qw: Melee chars always use a shield: true
     0 | D:1      | 0 ||| qw: God list: Okawaru
     0 | D:1      | 0 ||| qw: Allow faded altars: false
     0 | D:1      | 0 ||| qw: Do Orc after clearing Dungeon:15 true
     0 | D:1      | 0 ||| qw: Do second Lair branch before Depths: true
     0 | D:1      | 0 ||| qw: Lair rune preference: random
     0 | D:1      | 0 ||| qw: Goals: Normal
     0 | D:1      | 0 ||| PLANNING D:1-11
    62 | D:1      | Reached XP level 2. HP: 16/16 MP: 4/4
    92 | D:1      | Reached skill level 6 in Ranged Weapons
   141 | D:1      | Found a faded altar of an unknown god.
   234 | D:1      | Reached XP level 3. HP: 20/20 MP: 5/5
   287 | D:1      | Found Edehill's Antique Weapon Shoppe.
   492 | D:1      | Found Feshebenn's Armour Shoppe.
   495 | D:1      | 495 ||| SHOPLISTING +0 scale mail of cold resistance (110
                  | gold, have 45).
   495 | D:1      | 495 ||| SHOPLISTING +1 leather armour of cold resistance
                  | (140 gold, have 45).
   495 | D:1      | 495 ||| SHOPLISTING +2 scale mail of cold resistance (210
                  | gold, have 45).
   557 | D:1      | Reached skill level 7 in Ranged Weapons
   678 | D:1      | 678 ||| UPGRADING to +0 ring mail.
   688 | D:1      | 688 ||| DROPPING +0 leather armour.
   689 | D:1      | 689 ||| READING scroll labelled XOENOTIYDGH.
   690 | D:1      | 690 ||| READING scroll labelled BECHAY QAEMOCA.
   690 | D:1      | 690 ||| IDENTIFYING white potion
   691 | D:1      | 691 ||| READING scroll labelled OTASEQ POICUPT.
   691 | D:1      | 691 ||| ENCHANTING +0 ring mail.
   692 | D:1      | 692 ||| DROPPING scroll of butterflies.
   693 | D:1      | 693 ||| DROPPING potion of magic.
   819 | D:2      | Noticed Sigmund
   821 | D:2      | 821 ||| FLEEEEING.
   822 | D:2      | 822 ||| FLEEEEING.
   831 | D:2      | HP: 5/20 [Sigmund/+0 scythe (5)]
   832 | D:2      | Slain by Sigmund

Levels and vault maps discovered:
D:1:      onia_arrival_handbag, layout_basic, shapermc_ecumenical_altar_petra,
          serial_shops, nicolae_shop_tiny_real_fake_doors,
          nicolae_shop_advertising_works [nicolae_subvault_shop_adworks]
D:2:      layout_basic, uniq_terence, uniq_sigmund

Skill      XL: |  1  2  3 |
---------------+----------+-----
Ranged Weapons | 6 7 |  7.0
Fighting       | |  1.5
Dodging        | |  2.4
Stealth        | |  1.2

Action                     || total
---------------------------++-------
   Fire: Shortbow          ||    95
    Use: Scroll            ||     3
 Armour: Leather armour    ||    17
         Ring mail         ||     4
  Dodge: Dodged            ||    23

Table legend:
 A = Non-vault XP
 B = Vault XP
 C = Vault XP percentage of total XP
 D = Non-vault monster count
 E = Vault monster count
 F = Vault count percentage of total count
                 A         B        C        D         E       F
            +---------+---------+-------+---------+---------+-------
      Total |      60 |       7 |  10.4 |      31 |       4 |  11.4
            +---------+---------+-------+---------+---------+-------
        D:1 |      58 |       7 |  10.8 |      30 |       4 |  11.8
        D:2 |       2 |       0 |   0.0 |       1 |       0 |   0.0
            +---------+---------+-------+---------+---------+-------
